 Dungeon Crawl Stone Soup version 0.30-a0-696-g2367cd04db (webtiles) character file.

Game seed: 6523902311334815182

16982 greenreed the Brawler (level 12, -9/118 HPs)
             Began as a Troll Monk on Jan 20, 2023.
             Was a Believer of Okawaru.
             Mangled by a two-headed ogre
             ... wielding a +0 giant spiked club
              (14 damage)
             ... on level 10 of the Dungeon.
             The game lasted 00:23:28 (8671 turns).

greenreed the Brawler (Troll Monk)                  Turns: 8671, Time: 00:23:29

Health: -9/118     AC:  9    Str: 26    XL:     12   Next: 14%
Magic:  14/14      EV: 11    Int:  6    God:    Okawaru [**....]
Gold:   442        SH:  0    Dex: 12    Spells: 14/15 levels left

rFire   . . .      SeeInvis .      - Unarmed
rCold   . . .      Faith    +    (no shield)
rNeg    + . .      Spirit   .    A - +1 robe {Will+}
rPois   +          Reflect  .    (helmet restricted)
rElec   .          Harm     .    (no cloak)
rCorr   .          Rampage  .    (gloves unavailable)
Will    +....                    (boots unavailable)
Stlth   +++                      e - amulet of faith
HPRegen 1.19/turn                r - ring of Renak {rPois rN+ Stlth+}
MPRegen 0.14/turn                J - +4 ring of protection

@: no status effects
A: large, unfitting armour, claws 3, regeneration 1, shaggy fur 1, tough skin 1
a: Renounce Religion, Heroism


You were on level 10 of the Dungeon.
You worshipped Okawaru.
Okawaru was pleased with you.
You visited 2 branches of the dungeon, and saw 11 of its levels.
You also visited: Bailey.

You collected 546 gold pieces.
You spent 104 gold pieces at shops.

Inventory:

Hand Weapons
 C - a +0 scimitar of flaming
Missiles
 m - 5 throwing nets
 I - 3 large rocks (quivered)
Armour
 A - a +1 robe of willpower (worn)
 E - +0 steam dragon scales
Jewellery
 e - an amulet of faith (around neck)
 r - the ring of Renak (left claw) {rPois rN+ Stlth+}
   (You took it off an orc wizard on level 4 of the Dungeon)

   [ring of poison resistance]

   rPois:     It protects you from poison.
   rN:        It protects you from negative energy.
   Stlth:     It makes you more stealthy.
 u - a +5 ring of evasion
 J - a +4 ring of protection (right claw)
 K - a ring of poison resistance
Wands
 j - a wand of paralysis (23)
 x - a wand of polymorph (9)
 H - a wand of flame (24)
Scrolls
 a - 2 scrolls of brand weapon
 c - a scroll of vulnerability
 g - 3 scrolls of fear
 h - a scroll of enchant weapon
 i - 2 scrolls of torment
 k - 4 scrolls of enchant armour
 p - a scroll of identify
 s - 3 scrolls of immolation
 v - 2 scrolls of poison
 y - 3 scrolls of amnesia
 z - 4 scrolls of teleportation
 F - a scroll of fog
Potions
 b - a potion of ambrosia
 d - a potion of flight
 f - 6 potions of mutation
 l - a potion of lignification {unknown}
 n - a potion of attraction {unknown}
 o - 3 potions of curing
 q - 2 potions of magic {unknown}
 t - 2 potions of heal wounds {unknown}
 w - a potion of degeneration {unknown}
 B - 2 potions of might
 D - a potion of haste {unknown}
 G - a potion of invisibility {unknown}


   Skills:
 * Level 7.5 Fighting
 + Level 4.7 Throwing
 + Level 5.3 Dodging
 + Level 2.7 Stealth
 * Level 15.1 Unarmed Combat
 + Level 2.0 Spellcasting
 + Level 2.3 Transmutations


You had 14 spell levels left.
You knew the following spells:

 Your Spells              Type           Power      Damage    Failure   Level
a - Beastly Appendage     Tmut           6%         N/A       16%         1

Your spell library contained the following spells:

 Spells                   Type           Power      Damage    Failure   Level
 Wereblood                Tmut           3%         N/A       24%         2
 Passwall                 Tmut/Erth      0%         N/A       36%         2
 Apportation              Tloc           0%         N/A       38%         1
 Necrotise                Necr           0%         1d4       38%         1
 Sandblast                Erth           0%         2d4       38%         1
 Blink                    Tloc           0%         N/A       52%         2
 Lesser Beckoning         Tloc           0%         N/A       52%         2
 Momentum Strike          Conj/Tloc      0%         3d8       52%         2
 Spider Form              Tmut/Pois      1%         N/A       61%         3
 Inner Flame              Hex/Fire       0%         N/A       77%         3
 Stone Arrow              Conj/Erth      0%         3d7       77%         3
 Flame Wave               Conj/Fire      0%         2d4       99%         4
 Sticky Flame             Conj/Fire      0%         2d3       99%         4
 Storm Form               Tmut/Air       0%         N/A       100%        7
 Maxwell's Capacitive Co  Air            0%         ∞         100%        8
 Summon Small Mammal      Summ           Unusable   N/A       N/A         1
 Summon Lightning Spire   Summ/Air       Unusable   N/A       N/A         4

Dungeon Overview and Level Annotations

Branches:
Dungeon (10/15)            Temple (1/1) D:5            Lair (0/5) D:8
    Orc (0/2) D:9          Bailey (visited)

Altars:
Ashenzari
Cheibriados
Dithmenos
Elyvilon
Fedhas
Gozag
Hepliaklqana
Kikubaaqudgha
Makhleb
Nemelex Xobeh
Okawaru
Qazlal
Ru
Sif Muna
Trog
Uskayaw
Vehumet
Wu Jian
Xom
Yredelemnul
Zin
The Shining One

Shops:
D:5 *   D:6 ?   D:7 *


Innate Abilities, Weirdness & Mutations

You are too large for most types of armour.
You have claws for hands.
Your natural rate of healing is unusually fast.
You are covered in fur. (AC +1)
You have tough skin. (AC +1)


Message History

The yak is severely wounded.
The yak gores you! The yak barely misses you.
You claw the yak!
The yak is almost dead.
You scratch the yak.
You kill the yak!
Okawaru accepts your kill. The yak closely misses you.
You scratch the two-headed ogre.
The two-headed ogre is lightly wounded.
The two-headed ogre hits you with a +0 giant spiked club!!
The two-headed ogre hits you with a +0 giant club!
The yak gores you!
You barely miss the two-headed ogre.
The two-headed ogre is lightly wounded.
The yak gores you!
You eviscerate the two-headed ogre!!!
The two-headed ogre is severely wounded.
The two-headed ogre hits you with a +0 giant spiked club!
The two-headed ogre hits you with a +0 giant club!!
* * * LOW HITPOINT WARNING * * *
You claw the two-headed ogre!
The two-headed ogre is almost dead.
The yak gores you.
* * * LOW HITPOINT WARNING * * *
You barely miss the two-headed ogre. You claw the two-headed ogre.
The two-headed ogre is almost dead.
The two-headed ogre barely misses you.
The two-headed ogre hits you with a +0 giant club!!
* * * LOW HITPOINT WARNING * * *
The yak gores you.
* * * LOW HITPOINT WARNING * * *
Okay, then.
You barely miss the two-headed ogre.
The two-headed ogre is almost dead.
The yak barely misses you.
You barely miss the two-headed ogre.
The two-headed ogre is almost dead.
The two-headed ogre hits you with a +0 giant spiked club!
You die...

#...##..##..##.# .#
#...##..##.....#####.#
....##.)....#........#
....##>.....#...)....#
....##..##..#........#
#...##..##..#........#
#.......##..#........#
#.......##..#.[......#
#.......##..#...@....#
#...#...##..#...OY...#
#...#...##..#........#
#...#...##..#........#
....#.... #........#
....#..... .........#
.......[..#
.....#######


You could see a two-headed ogre and a yak.

Vanquished Creatures
  An orc warlord (Bailey)
  Josephine (D:10)
  2 orc knights (Bailey)
  A gargoyle (D:9)
  A hornet (D:9)
  16 yaks
  5 wraiths (D:10)
  2 steam dragons
  An acid dragon (D:10)
  2 water moccasins
  11 orc warriors
  An ice beast (D:8)
  A sky beast (D:7)
  A black bear (D:4)
  2 ogres
  2 phantoms (D:5)
  3 centaurs
  3 bullfrogs
  A kobold brigand (D:9)
  3 gnoll sergeants
  A necrophage (D:6)
  3 scorpions
  9 wights
  4 killer bees (D:9)
  5 howler monkeys
  A crimson imp (D:9)
  2 jellies
  9 orc priests
  A hound (D:4)
  A gnoll bouda (D:5)
  8 iguanas
  11 orc wizards
  A mummy (D:6)
  Robin (D:2)
  22 gnolls
  13 adders
  2 shadow imps
  3 white imps
  2 worms
  2 dart slugs
  40 orcs
  3 ball pythons
  2 bats
  8 endoplasms
  A giant cockroach (D:4)
  21 goblins
  21 hobgoblins
  11 jackals
  11 kobolds
  3 quokkas
  3 frilled lizards (D:2)
  5 rats
290 creatures vanquished.

Vanquished Creatures (others)
  A hobgoblin (D:9)
  2 fungi (D:8)
3 creatures vanquished.

Grand Total: 293 creatures vanquished

Notes
Turn   | Place    | Note
-------+----------+-------------------------------------------
     0 | D:1      | greenreed the Troll Monk began the quest for the Orb.
     0 | D:1      | Reached XP level 1. HP: 22/22 MP: 0/0
   211 | D:1      | Found a faded altar of an unknown god.
   498 | D:1      | Reached XP level 2. HP: 29/29 MP: 1/1
   970 | D:2      | Reached XP level 3. HP: 36/36 MP: 2/2
   978 | D:2      | Learned a level 1 spell: Beastly Appendage
  1222 | D:2      | Noticed Robin
  1235 | D:2      | Reached XP level 4. HP: 43/45 MP: 3/3
  1245 | D:2      | Reached skill level 4 in Unarmed Combat
  1256 | D:2      | Killed Robin
  1735 | D:3      | Found a sacrificial altar of Ru.
  1748 | D:3      | Reached XP level 5. HP: 53/53 MP: 4/4
  1830 | D:3      | Found an ancient bone altar of Kikubaaqudgha.
  1839 | D:3      | Identified the +1 ring mail of Fanaticism {Dex+4}
  2043 | D:3      | Reached skill level 5 in Unarmed Combat
  2096 | D:4      | Noticed an ogre
  2099 | D:4      | Killed an ogre
  2100 | D:4      | Reached XP level 6. HP: 44/61 MP: 5/5
  2330 | D:4      | Reached skill level 6 in Unarmed Combat
  2398 | D:4      | Identified the ring of Renak {rPois rN+ Stlth+}
  2679 | D:4      | Reached XP level 7. HP: 67/67 MP: 6/6
  2949 | D:4      | Identified the +1 ring mail of the Shore {Int+3 Dex+3}
  3057 | D:5      | Entered Level 5 of the Dungeon
  3074 | D:5      | Found a shimmering blue altar of Sif Muna.
  3082 | D:5      | Reached skill level 7 in Unarmed Combat
  3216 | D:5      | Found Zuba's General Store.
  3224 | D:5      | Bought a scroll of identify for 24 gold pieces
  3376 | D:5      | Reached XP level 8. HP: 78/78 MP: 7/7
  3386 | D:5      | Reached skill level 8 in Unarmed Combat
  3550 | D:5      | Found a bloodstained altar of Trog.
  3676 | D:5      | Found a staircase to the Ecumenical Temple.
  3945 | Temple   | Entered the Ecumenical Temple
  4172 | D:6      | Found a snail-covered altar of Cheibriados.
  4211 | D:6      | Found Nuileuq's Magic Scroll Shop.
  4256 | D:6      | Reached skill level 9 in Unarmed Combat
  4265 | D:6      | Bought a scroll of noise for 10 gold pieces
  4265 | D:6      | Bought a scroll of teleportation for 30 gold pieces
  4265 | D:6      | Bought a scroll of identify for 20 gold pieces
  4265 | D:6      | Bought a scroll of identify for 20 gold pieces
  5531 | D:7      | Reached skill level 1 in Throwing
  5531 | D:7      | Reached XP level 9. HP: 85/85 MP: 8/8
  5586 | D:7      | Reached skill level 10 in Unarmed Combat
  5591 | D:7      | Found Harph's Assorted Antiques.
  6153 | D:8      | Found a glowing golden altar of the Shining One.
  6226 | D:8      | Found a staircase to the Lair.
  6422 | D:8      | Found a broken altar of Ashenzari.
  6438 | D:8      | Reached skill level 11 in Unarmed Combat
  6441 | D:8      | Reached skill level 5 in Fighting
  6494 | D:8      | Found a flagged portal.
  6496 | D:8      | Identified the +0 dagger of Okawaru's Reproof {spect, rElec
                  | rF+ rC-}
  6503 | Bailey   | Entered a bailey
  6594 | Bailey   | Noticed an orc knight
  6609 | Bailey   | Killed an orc knight
  6610 | Bailey   | Reached XP level 10. HP: 72/96 MP: 7/9
  6748 | Bailey   | Noticed an orc knight
  6767 | Bailey   | Killed an orc knight
  6768 | Bailey   | Reached skill level 12 in Unarmed Combat
  6846 | Bailey   | Noticed an orc warlord
  6870 | Bailey   | Killed an orc warlord
  6967 | Bailey   | Reached skill level 13 in Unarmed Combat
  6967 | Bailey   | Reached XP level 11. HP: 109/109 MP: 9/13
  7513 | D:8      | Reached skill level 5 in Dodging
  7643 | D:9      | Identified the +8 great sword "Sarch" {venom, Fly rF- Will+
                  | Dex+6 Stlth+}
  7742 | D:9      | Reached skill level 14 in Unarmed Combat
  7937 | D:9      | Found a staircase to the Orcish Mines.
  8436 | D:10     | Entered Level 10 of the Dungeon
  8484 | D:10     | Noticed Josephine
  8495 | D:10     | Killed Josephine
  8496 | D:10     | Reached XP level 12. HP: 100/118 MP: 14/14
  8513 | D:10     | Reached skill level 15 in Unarmed Combat
  8577 | D:10     | Found an ornate altar of the Wu Jian Council.
  8577 | D:10     | Found an iron altar of Okawaru.
  8585 | D:10     | Became a worshipper of Warmaster Okawaru
  8585 | D:10     | Reached * piety under Okawaru
  8585 | D:10     | Reached ** piety under Okawaru
  8656 | D:10     | Noticed a two-headed ogre
  8669 | D:10     | HP: 3/118 [yak (5)]
  8671 | D:10     | Mangled by a two-headed ogre

Illustrated notes

Levels and vault maps discovered:
D:1:      minmay_arrival_loop, layout_loops_corners,
          hellmonk_ecumenical_altar_leap_of_faith, serial_aquarium,
          aquarium_bridge_long_joined [aquarium_subvault_balcony,
          aquarium_subvault_bridge, aquarium_subvault_bridge,
          aquarium_subvault_bridge, aquarium_subvault_window,
          aquarium_subvault_window], aquarium_window_fake, aquarium_window_fake,
          aquarium_view_2d
D:2:      layout_loops_ring, uniq_robin
D:3:      layout_rooms, mainiacjoe_overflow_surrounded_room,
          nicolae_ru_sacrificial_ziggurat
D:4:      black_bear_nest_1, layout_basic
D:5:      layout_basic, nicolae_sif_muna_condensation,
          trog_three_pillars_becter, minmay_temple_entry_hall, serial_shops,
          nicolae_shop_statue_plus
D:6:      layout_cave_pods, slow_altar_1, serial_shops,
          nicolae_inconvenience_store
D:7:      layout_loops_ring, serial_shops, nicolae_diamond_shop
D:8:      layout_loops_corners, tso_oasis_becter, ashenzari_altar_1,
          dpeg_oklobed_lair, enter_bailey_2
D:9:      layout_loops_cross, erik_orc_4, minmay_fire_ice_demons
D:10:     layout_long_grid, jmf_multi_god_temple, uniq_josephine, uniq_nergalle,
          uniq_harold
Temple:   nicolae_temple_bog_church

Skill      XL: |  1  2  3  4  5  6  7  8  9 10 11 12 |
---------------+-------------------------------------+-----
Fighting       | 3 4 5 7 |  7.5
Unarmed Combat | 4 5 6 7 9 11 13 14 15 | 15.1
Dodging        | 3 4 5 |  5.3
Stealth        | 2 |  2.7
Throwing       | 1 3 4 |  4.7
Spellcasting   | 2 |  2.0
Transmutations | 2 |  2.3

Action                   |  1- 3 |  4- 6 |  7- 9 | 10-12 || total
-------------------------+-------+-------+-------+-------++-------
Melee: Unarmed           |    98 |   149 |   271 |   246 ||   764
       Punch             |     2 |     3 |    18 |    17 ||    40
       Headbutt          |       |       |     4 |       ||     4
       Kick              |       |       |     2 |       ||     2
Throw: Large rock        |       |       |    39 |    16 ||    55
       Throwing net      |       |       |     3 |     3 ||     6
 Cast: Beastly Appendage |       |       |     1 |       ||     1
  Use: Scroll            |       |       |     9 |     5 ||    14
       Potion            |       |       |       |     1 ||     1
 Stab: Distracted        |     1 |       |       |       ||     1
       Sleeping          |       |     7 |     5 |       ||    12
       Held in net/web   |       |       |       |     1 ||     1
Armor: Robe              |    34 |    62 |    25 |     5 ||   126
       Steam dragon scal |       |       |    17 |    28 ||    45
Dodge: Dodged            |    42 |    92 |   214 |   126 ||   474

Table legend: (Time is in decaauts)
 A = Elapsed time spent in this place.
 B = Non-inter-level travel time spent in this place.
 C = Inter-level travel time spent in this place.
 D = Time resting spent in this place.
 E = Time spent auto-exploring this place.
 F = Levels seen in this place.
 G = Mean time per level.
                   A        B        C        D        E       F      G
               +--------+--------+--------+--------+--------+-----+--------+
         Total |   8612 |   8153 |    459 |    244 |   5950 |  12 |  717.7 |
       Dungeon |   7916 |   7489 |    427 |    144 |   5644 |  10 |  791.6 |
        Temple |    201 |    169 |     32 |      0 |    159 |   1 |  201.0 |
        Bailey |    494 |    494 |      0 |    100 |    147 |   1 |  494.0 |
               +--------+--------+--------+--------+--------+-----+--------+

Top non-repeatable levels by time:
     D:7: 1004 daAuts
     D:6: 951 daAuts
     D:1: 908 daAuts
     D:5: 900 daAuts
     D:9: 892 daAuts
     D:4: 892 daAuts
     D:8: 890 daAuts
     D:2: 698 daAuts
     D:3: 536 daAuts
  Bailey: 494 daAuts
    D:10: 239 daAuts
  Temple: 201 daAuts
